 Dungeon Crawl Stone Soup version 0.19-a0-790-ge39e1af (webtiles) character file.

29 vatarom the Conjurer (level 3, 29/29 HPs)
             Began as a Draconian Conjurer on June 26, 2016.
             Quit the game on level 1 of the Dungeon on June 27, 2016.
             The game lasted 00:02:32 (945 turns).

vatarom the Conjurer (Draconian Conjurer)            Turns: 945, Time: 00:02:34

Health: 29/29      AC:  5    Str: 10    XL:     3   Next: 1%
Magic:  3/6        EV: 12    Int: 16    God:
Gold:   31         SH:  0    Dex: 11    Spells: 3 memorised, 0 levels left

rFire  . . .     SeeInvis .     f - +0 club
rCold  . . .     Gourm    +     (armour unavailable)
rNeg   . . .     Faith    .     (no shield)
rPois  .         Spirit   .     (helmet restricted)
rElec  .         Dismiss  .     (no cloak)
rCorr  .         Reflect  .     (no gloves)
SustAt .         Harm     .     (no boots)
MR     .....                    g - amulet of the gourmand
Stlth  ++........               (no ring)
                                (no ring)

@: not resistant to hostile enchantments, unstealthy
A: unfitting armour, cold-blooded, AC +5
a: no special abilities


You were on level 1 of the Dungeon.
You were not hungry.

You visited 1 branch of the dungeon, and saw 1 of its levels.

You collected 31 gold pieces.

Inventory:

Hand Weapons
 f - a +0 club (weapon)
Jewellery
 g - an amulet of the gourmand (around neck)
Scrolls
 c - 2 scrolls of identify
Potions
 e - a potion of ambrosia
Books
 a - a book of Conjurations

   Spells                             Type                      Level
   a - Magic Dart                     Conjuration                  1
   b - Searing Ray                    Conjuration                  2
   c - Dazzling Spray                 Conjuration/Hexes            3
   d - Fulminant Prism                Conjuration/Hexes            4
   e - Iskenderun's Mystic Blast      Conjuration                  4
   f - Iskenderun's Battlesphere      Conjuration/Charms           5
Comestibles
 b - a bread ration
 d - a fruit
 h - a meat ration


   Skills:
 + Level 2.1 Fighting
 - Level 1.7 Dodging
 - Level 1.7 Stealth
 - Level 2.0 Spellcasting
 * Level 4.4 Conjurations


You couldn't memorise any spells.
You knew the following spells:

 Your Spells              Type           Power        Failure   Level  Hunger
a - Magic Dart            Conj           ###.         4%          1    #......
b - Searing Ray           Conj           ###...       8%          2    ###....
c - Dazzling Spray        Conj/Hex       #.....       28%         3    ###....


Dungeon Overview and Level Annotations

Branches:
Dungeon (1/15)

Altars:


Innate Abilities, Weirdness & Mutations

Your plain brown scales are hard. (AC +5)
Your body does not fit into most forms of armour.
You are cold-blooded and may be slowed by cold attacks.


Message History

The magic dart hits the hobgoblin.
The hobgoblin is almost dead.
Casting: Magic Dart
Confirm with . or Enter, or press ? or * to list all spells.
Aiming: Magic Dart
Press: ? - help, Shift-Dir - straight line, f/p - hobgoblin
Aim: a hobgoblin (almost dead)
The magic dart hits the hobgoblin.
The hobgoblin is almost dead.
Casting: Magic Dart
Confirm with . or Enter, or press ? or * to list all spells.
Aiming: Magic Dart
Press: ? - help, Shift-Dir - straight line, f/p - hobgoblin
Aim: a hobgoblin (almost dead)
The magic dart hits the hobgoblin.
The hobgoblin is almost dead.
Casting: Magic Dart
Confirm with . or Enter, or press ? or * to list all spells.
You don't know that spell.
Are you sure you want to abandon this character and quit the game? (Confirm with "yes".)

.#.#####.#.########..#.######.###
.#.# #.#...........#......#....
.#.## #.#.########+##.####.#####
.#..####(#................#.#...)
.+..........................#.###
.##.####.#########....###...#.#
..............# #....###...#.#
.........####+#####.###.....#.#
.###.#######....@....##.#...#.#
...(.................##.#####.#
####..######.........##.# #.#
##.##.............##.#####.#
#####.##.###..g......##.......#
.......#.# #.........##########
######.#†# #.........#
#...###.........#
#.....'.........#


You could see a hobgoblin.

Vanquished Creatures
  An ooze (D:1)
  4 bats (D:1)
  4 giant cockroaches (D:1)
  2 goblins (D:1)
  3 hobgoblins (D:1)
  2 jackals (D:1)
  3 ball pythons (D:1)
  3 kobolds (D:1)
  A rat (D:1)
23 creatures vanquished.

Notes
Turn   | Place    | Note
--------------------------------------------------------------
     0 | D:1      | vatarom the Draconian Conjurer began the quest for the Orb.
     0 | D:1      | Reached XP level 1. HP: 14/14 MP: 3/3
   124 | D:1      | Reached skill level 1 in Fighting
   226 | D:1      | Reached XP level 2. HP: 19/23 MP: 0/5
   385 | D:1      | Learned a level 2 spell: Searing Ray
   707 | D:1      | Reached XP level 3. HP: 27/29 MP: 3/6
   832 | D:1      | Learned a level 3 spell: Dazzling Spray
   945 | D:1      | Quit the game

Vault maps used:
D:1:      dpeg_arrival_pond, minivault_26, minmay_small_reverse_x

Skill      XL: |  1  2 |
---------------+-------+-----
Fighting       | 1 2 |  2.1
Dodging        | |  1.7
Stealth        | |  1.7
Spellcasting   | |  2.0
Conjurations   | |  4.4

Action                   || total
-------------------------++-------
Melee: Unarmed           ||    57
       Tailslap          ||     9
       Club              ||    25
 Cast: Magic Dart        ||    29
  Use: Scroll            ||     1
  Eat: Chunk             ||     2
Armor: Skin              ||    35
Dodge: Dodged            ||    60
